 Dungeon Crawl Stone Soup version 0.19-a0-1218-gcd7aee6 (webtiles) character file.

72 MrRokkomies the Cutter (level 4, -4/45 HPs)
             Began as a Kobold Abyssal Knight on Aug 24, 2016.
             Was a Follower of Lugonu.
             Slain by a gnoll (5 damage)
             ... on level 2 of the Dungeon.
             The game lasted 00:03:44 (1643 turns).

MrRokkomies the Cutter (Kobold Abyssal Knight)      Turns: 1643, Time: 00:03:45

Health: -4/45      AC: 22    Str: 10    XL:     4   Next: 48%
Magic:  5/5        EV:  3    Int: 11    God:    Lugonu [*.....]
Gold:   107        SH:  0    Dex: 15    Spells: 0 memorised, 3 levels left

rFire  . . .     SeeInvis .     a - +1 short sword
rCold  . . .     Gourm    .     (armour currently unavailable)
rNeg   + + +     Faith    .     (shield restricted)
rPois  +         Spirit   .     (helmet currently unavailable)
rElec  .         Dismiss  .     (cloak currently unavailable)
rCorr  .         Reflect  .     (gloves currently unavailable)
MR     .....     Harm     .     (boots currently unavailable)
Stlth  +......... NoTele   +    (no amulet)
                                (no ring)
                                (no ring)

@: tree-form
A: carnivore 3
a: Depart the Abyss, Renounce Religion


You were on level 2 of the Dungeon.
You worshipped Lugonu.
Lugonu was aware of your devotion.
You were not hungry.
You were a tree.
You visited 1 branch of the dungeon, and saw 2 of its levels.
You visited the Abyss 1 time.

You collected 107 gold pieces.

Inventory:

Hand Weapons
 a - a +1 short sword (weapon)
Missiles
 d - 23 poisoned needles
 f - a tomahawk (quivered)
Armour
 b - a +1 leather armour (melded)
Scrolls
 e - a scroll of identify
 h - a scroll of remove curse
 n - a scroll of enchant armour
Potions
 g - 2 potions of agility
Comestibles
 c - 4 meat rations
 i - a royal jelly
 m - a beef jerky
 o - a slice of pizza


   Skills:
 * Level 4.3 Fighting
 * Level 4.7 Short Blades
 - Level 0.7 Armour
 - Level 2.4 Dodging
 - Level 2.0 Invocations


You had 3 spell levels left.
You didn't know any spells.

Dungeon Overview and Level Annotations

Branches:
Dungeon (2/15)

Altars:
Ashenzari


Innate Abilities, Weirdness & Mutations

You are small and have problems with some larger weapons.
You are carnivorous and can eat meat at any time.


Message History

You barely miss the gnoll.
The gnoll is severely wounded.
The gnoll hits you but does no damage. The gnoll hits you.
* * * LOW HITPOINT WARNING * * *
You closely miss the gnoll.
The gnoll is heavily wounded.
The gnoll hits you but does no damage.
You hit the gnoll.
The gnoll is severely wounded.
The gnoll hits you.
* * * LOW HITPOINT WARNING * * *
You barely miss the gnoll.
The gnoll is severely wounded.
The gnoll hits you with a halberd.
* * * LOW HITPOINT WARNING * * *
The gnoll hits you but does no damage.
You barely miss the gnoll.
The gnoll is severely wounded.
The gnoll hits you.
You die...

.....# #....# #.###.
####.########....###########.##..
............+....'.g)((..........
####.########....#######.......#.
#.# #....#######.#....... #.#
#....#...........#..# ####.#
#....#.#####.#......#
...#.###########g#.#####.#.#....#
...+...........g7................
...##########.##.#.#####.#.###...
#### ###)##.........#.......
######### #.................#....
........# #.#.##.#.......##.#...#
........# #.#.##..........#.#...#
.....(..# #.#.##..........#.#...#
........# #.#.##.........##.#....
........# #.#.##.........##.#..#.


You could see 2 gnolls.

Vanquished Creatures
  A gnoll (D:2)
  3 adders (D:2)
  A worm (D:2)
  A dart slug (D:1)
  A giant gecko (D:1)
  3 bats (D:1)
  3 giant cockroaches (D:1)
  2 goblins
  6 hobgoblins
  3 giant newts
  2 kobolds
  3 rats
29 creatures vanquished.

Notes
Turn   | Place    | Note
-------+----------+-------------------------------------------
     0 | Abyss:1  | MrRokkomies the Kobold Abyssal Knight began the quest for the Orb.
     0 | Abyss:1  | Reached XP level 1. HP: 14/14 MP: 2/2
    59 | Abyss:1  | Noticed a small abomination
    67 | Abyss:1  | Noticed a large abomination
   129 | Abyss:1  | Noticed a blink frog
   134 | D:1      | Escaped the Abyss
   325 | D:1      | Reached XP level 2. HP: 5/19 MP: 3/3
   326 | D:1      | Reached * piety under Lugonu
   797 | D:1      | Reached XP level 3. HP: 23/24 MP: 4/4
  1182 | D:2      | Reached XP level 4. HP: 28/29 MP: 5/5
  1209 | D:2      | Found a shattered altar of Ashenzari.
  1642 | D:2      | HP: 1/45 [gnoll/halberd (2)]
  1643 | D:2      | Slain by a gnoll

Vault maps used:
D:1:      dpeg_arrival_arbitrary_c
D:2:      nicolae_ashenzari_panopticon

Skill      XL: |  1  2  3 |
---------------+----------+-----
Short Blades   | 3 4 |  4.7
Fighting       | 4 |  4.3
Armour         | |  0.7
Dodging        | |  2.4
Invocations    | |  2.0

Action                   |  1- 3 |  4- 6 || total
-------------------------+-------+-------++-------
Melee: Short sword       |    94 |    21 ||   115
Throw: Tomahawk          |       |     7 ||     7
Invok: Depart the Abyss  |     1 |       ||     1
  Use: Scroll            |     8 |     1 ||     9
       Potion            |     1 |     2 ||     3
 Stab: Sleeping          |     1 |     1 ||     2
  Eat: Chunk             |     1 |     2 ||     3
Armor: Leather armour    |    15 |     1 ||    16
       Skin              |       |     4 ||     4
Dodge: Dodged            |    61 |    12 ||    73
